 Dungeon Crawl Stone Soup version 0.32-a0-86-g8db1b9f803 (webtiles) character file.

Game seed: 15199572608229728042

105 Ceno the Sneak (level 4, -1/21 HPs)
             Began as a Vine Stalker Earth Elementalist on Feb 6, 2024.
             Slain by Ijyb
             ... wielding a +0 club
              (2 damage)
             ... on level 3 of the Dungeon.
             The game lasted 00:05:35 (1910 turns).

Ceno the Sneak (Vine Stalker Earth Elementalist)    Turns: 1910, Time: 00:05:35

Health: -1/21      AC:  4    Str: 11    XL:     4   Next: 81%
Magic:  0/9        EV: 12    Int: 21    God:
Gold:   162        SH:  0    Dex: 16    Spells: 2/9 levels left

rFire   . . .        h - +1 dagger (speed)
rCold   . . .        (no shield)
rNeg    . . .        a - +0 robe
rPois   .            i - +1 helmet
rElec   .            (no cloak)
rCorr   .            (no gloves)
SInv    .            (no boots)
Will    .....        o - amulet of magic regeneration
Stlth   +++          b - +6 ring of intelligence
HPRegen 1.03/turn    (no ring)
MPRegen 0.51/turn

%: guardian spirit
@: no status effects
A: fangs 2, regeneration 1, magic shield, antimagic bite, no potion heal 2
a: no special abilities


You were on level 3 of the Dungeon.
You visited 1 branch of the dungeon, and saw 3 of its levels.

You collected 162 gold pieces.

Inventory:

Hand Weapons
 d - a +0 dagger
 h - a +1 dagger of speed (weapon)
Missiles
 f - 26 stones
 q - 4 poisoned darts
Armour
 a - a +0 robe (worn)
 i - a +1 helmet (worn)
Jewellery
 b - a +6 ring of intelligence (left hand)
 o - an amulet of magic regeneration (around neck)
Wands
 r - a wand of polymorph (6)
Scrolls
 e - a scroll of vulnerability {unknown}
 g - a scroll of brand weapon {unknown}
 k - a scroll of immolation {unknown}
 l - a scroll of silence {unknown}
 n - a scroll of enchant weapon
 u - a scroll of blinking {unknown}
Potions
 c - 2 potions of mutation {unknown}
 j - a potion of attraction {unknown}
 m - a potion of lignification {unknown}
 p - a potion of might {unknown}
 s - 3 potions of cancellation {unknown}
 t - a potion of haste {unknown}


   Skills:
 - Level 1.5 Dodging
 * Level 4.7 Stealth
 + Level 3.1 Spellcasting
 - Level 1.0 Conjurations
 + Level 3.7 Earth Magic


You had 2 spell levels left.
You knew the following spells:

 Your Spells              Type           Power      Damage    Failure   Level
a - Sandblast             Erth           36%        2d10      3%          1
b - Passwall              Erth           18%        N/A       9%          3
c - Stone Arrow           Conj/Erth      26%        3d8       16%         3

Your spell library contained the following spells:

 Spells                   Type           Power      Damage    Failure   Level
 Foxfire                  Conj/Fire      20%        2x1d5     11%         1
 Summon Small Mammal      Summ           12%        N/A       13%         1
 Dazzling Flash           Conj/Hex       10%        N/A       32%         3
 Mephitic Cloud           Conj/Alch/Air  4%         N/A       34%         3
 Call Canine Familiar     Summ           3%         N/A       36%         3
 Brom's Barrelling Bould  Conj/Erth      13%        2d4       45%         4
 Petrify                  Alch/Erth      11%        N/A       52%         4
 Summon Blazeheart Golem  Fire/Summ      3%         N/A       78%         4
 Curse of Agony           Necr           3%         N/A       98%         5
 Silence                  Hex/Air        1%         N/A       98%         5
 Plasma Beam              Fire/Air       1%         2x1d11    100%        6
 Starburst                Conj/Fire      2%         6d3       100%        6


Dungeon Overview and Level Annotations

Branches:
Dungeon (3/15)

Altars:
Nemelex Xobeh

Annotations:
D:3 Ijyb


Innate Abilities, Weirdness & Mutations

You have extremely sharp teeth.
Your natural rate of healing is unusually fast.
When hurt, damage is shared between your health and your magic reserves.
Your bite disrupts and absorbs the magic of your enemies.
Potions cannot restore your health.


Message History

Ijyb hits you with a +0 club.
* * * LOW HITPOINT WARNING * * *
You hit Ijyb but do no damage. Your punch misses Ijyb.
Ijyb is lightly wounded.
Ijyb hits you with a +0 club.
* * * LOW HITPOINT WARNING * * *
You barely miss Ijyb. You bite Ijyb. You drain her power.
You feel invigorated.
Ijyb is lightly wounded.
You barely miss Ijyb. Your bite misses Ijyb.
Ijyb is lightly wounded.
Ijyb misses you.
You hit Ijyb but do no damage. Your bite misses Ijyb.
Ijyb is lightly wounded.
Ijyb zaps a wand.
The roots erupt in riotous growth!
The grasping roots grab you!
Ijyb is unaffected.
The grasping roots constrict you.
* * * LOW HITPOINT WARNING * * *
You hear a loud squeak.
You hit Ijyb but do no damage. Your punch misses Ijyb.
You bite Ijyb, but do no damage.
Ijyb is lightly wounded.
You hit Ijyb but do no damage. Your bite misses Ijyb.
Ijyb is lightly wounded.
Ijyb closely misses you. The grasping roots constrict you.
* * * LOW HITPOINT WARNING * * *
You hit Ijyb. You bite Ijyb, but do no damage.
Ijyb is moderately wounded.
Ijyb closely misses you. The grasping roots constrict you.
You barely miss Ijyb.
Ijyb is moderately wounded.
You hit Ijyb. Your bite misses Ijyb.
Ijyb is moderately wounded.
Ijyb barely misses you. The grasping roots constrict you.
* * * LOW HITPOINT WARNING * * *
The grasping roots release their grip on you.
You hit Ijyb but do no damage. Your bite misses Ijyb.
Ijyb is moderately wounded.
A rat comes into view.
Ijyb hits you with a +0 club.
You die...

.##.#.##..#'#..##.#
.##.#.#..)'.'...#.#
.##.#.##.##.##.##)#
.'..#..###.#.###..#
.####......#.....##
.# #.....###...## #
##
##...........###..#..
#...........gr......
#..........@##......
######...........#
.....
#.........####...#
.... #.........#
#...# #(. #.........#
#...# .
#.........####...#
#................#
#................#
.................####


You could see Ijyb and a rat (wandering).

Vanquished Creatures
  An orc wizard (D:3)
  2 adders (D:2)
  A dart slug (D:1)
  A ribbon worm (D:2)
  4 orcs (D:3)
  9 ball pythons
  6 bats
  2 endoplasms
  2 giant cockroaches
  3 goblins
  2 hobgoblins
  5 jackals (D:1)
  5 frilled lizards
  10 kobolds
  A rat (D:2)
54 creatures vanquished.

Notes
Turn   | Place    | Note
-------+----------+-------------------------------------------
     0 | D:1      | Ceno the Vine Stalker Earth Elementalist began the quest
                  | for the Orb.
     0 | D:1      | Reached XP level 1. HP: 9/9 MP: 4/4
    74 | D:1      | Reached XP level 2. HP: 13/13 MP: 0/6
    78 | D:1      | Reached skill level 3 in Stealth
    89 | D:1      | You fall into a shaft and drop 1 floor!
   169 | D:2      | Reached XP level 3. HP: 16/16 MP: 5/7
   423 | D:2      | Reached skill level 4 in Stealth
   669 | D:1      | Reached XP level 4. HP: 21/21 MP: 7/9
   691 | D:1      | Learned a level 3 spell: Passwall
   695 | D:1      | Learned a level 3 spell: Stone Arrow
  1097 | D:2      | Found a sparkling altar of Nemelex Xobeh.
  1125 | D:2      | Found a faded altar of an unknown god.
  1703 | D:3      | Noticed a black bear
  1869 | D:3      | Found a sparkling altar of Nemelex Xobeh.
  1880 | D:3      | Noticed Ijyb
  1909 | D:3      | HP: 1/21 [constriction (3)]
  1910 | D:3      | Slain by Ijyb

Illustrated notes

Levels and vault maps discovered:
D:1:      dpeg_arrival_brainrot, layout_rooms, minmay_misc_feat_cross
D:2:      layout_basic, hellmonk_ecumenical_altar_run_dry, basic_altar,
          chequers_serial_rivers_micro_d
D:3:      wad_lake_hut, layout_basic, nemelex_dance_club_becter, uniq_ijyb

Skill      XL: |  1  2  3  4 |
---------------+-------------+-----
Stealth        | 3 4 |  4.7
Spellcasting   | 3 |  3.1
Dodging        | |  1.5
Conjurations   | |  1.0
Earth Magic    | |  3.7

Action                     |  1- 3 |  4- 6 || total
---------------------------+-------+-------++-------
  Melee: Unarmed           |     6 |       ||     6
         Bite              |    32 |    26 ||    58
         Dagger            |   104 |    97 ||   201
         Punch             |     3 |     2 ||     5
   Cast: Sandblast         |    16 |     3 ||    19
    Use: Potion            |     1 |       ||     1
         Scroll            |       |     1 ||     1
   Stab: Sleeping          |     1 |     2 ||     3
 Armour: Robe              |    62 |    41 ||   103
  Dodge: Dodged            |    71 |    30 ||   101

Table legend: (Time is in decaauts)
 A = Elapsed time spent in this place.
 B = Non-inter-level travel time spent in this place.
 C = Inter-level travel time spent in this place.
 D = Time resting spent in this place.
 E = Time spent auto-exploring this place.
 F = Levels seen in this place.
 G = Mean time per level.
                   A        B        C        D        E       F      G
               +--------+--------+--------+--------+--------+-----+--------+
         Total |   1878 |   1776 |    102 |      5 |   1267 |   3 |  626.0 |
       Dungeon |   1878 |   1776 |    102 |      5 |   1267 |   3 |  626.0 |
               +--------+--------+--------+--------+--------+-----+--------+

Top non-repeatable levels by time:
     D:1: 675 daAuts
     D:2: 668 daAuts
     D:3: 534 daAuts
